| TOP OF THE 1ST |
|
Nassau Black Sails batting - Pitching for San Jose Volcanoes : LHP Brad Havens
|
|
Pitching: LHP Brad Havens
|
|
|
Batting: RHB Heri Ramirez
|
0-0: Called Strike 0-1: Swinging Strike 0-2: Ground out 4-3 (Groundball, 4, EV 82.5 MPH)
|
|
Batting: RHB Craig Adams
|
0-0: Ball 1-0: Ball 2-0: Called Strike 2-1: Fly out, F8 (Flyball, 89M, EV 78.8 MPH)
|
|
Batting: RHB Danny Sheaffer
|
0-0: Ball 1-0: Ground out U3 (Groundball, 34S, EV 83.8 MPH)
|
| Top of the 1st over - 0 runs, 0 hits, 0 errors, 0 left on base; Nassau 0 - San Jose 0 |
| BOTTOM OF THE 1ST |
|
San Jose Volcanoes batting - Pitching for Nassau Black Sails : RHP Tony Morales
|
|
Pitching: RHP Tony Morales
|
|
|
Batting: RHB Jay Schellin
|
0-0: Called Strike 0-1: Ball 1-1: Ball 2-1: Called Strike 2-2: Foul Ball, location: 2F 2-2: Single, Error in OF, E7, batter to second base (Line Drive, 78M, EV 90.6 MPH)
|
|
Batting: RHB Anthony Laurenzi
|
0-0: Called Strike 0-1: Ball 1-1: Fly out, F9 (Flyball, 9S, EV 82.5 MPH)
|
|
Batting: LHB Mike LaValliere
|
0-0: Ball Jay Schellin steals 3rd base 1-0: Ground out 6-3 (Groundball, 6S, EV 70.0 MPH) Jay Schellin scores
|
|
Batting: LHB Pete M O'Brien
|
0-0: Ball 1-0: Called Strike 1-1: DOUBLE (Groundball, 3L, EV 105.6 MPH)
|
|
Batting: RHB Jeff Spisok
|
0-0: Called Strike 0-1: Ball 1-1: Ball 2-1: Foul Ball, location: 2F 2-2: Ground out 5-3 (Groundball, 5, EV 85.6 MPH)
|
| Bottom of the 1st over - 1 run, 2 hits, 1 error, 1 left on base; Nassau 0 - San Jose 1 |
| TOP OF THE 2ND |
|
Nassau Black Sails batting - Pitching for San Jose Volcanoes : LHP Brad Havens
|
|
Batting: LHB Sam Horn
|
0-0: Ball 1-0: Ball 2-0: Called Strike 2-1: DOUBLE (Flyball, 8LXD, EV 106.9 MPH)
|
|
Batting: RHB Steve Springer
|
0-0: Swinging Strike 0-1: Ball 1-1: Ground out 6-3 (Groundball, 6, EV 90.6 MPH)
|
|
Batting: LHB John Weller
|
0-0: Ball 1-0: Swinging Strike 1-1: Called Strike 1-2: Ground out 6-3 (Groundball, 56, EV 96.9 MPH)
|
|
Batting: RHB Joe Redfield
|
0-0: Called Strike 0-1: Foul Ball, location: 2F 0-2: Ball 1-2: Foul Ball, location: 2F 1-2: Foul Ball, location: 2F 1-2: Ball 2-2: Strikes out swinging
|
| Top of the 2nd over - 0 runs, 1 hit, 0 errors, 1 left on base; Nassau 0 - San Jose 1 |
| BOTTOM OF THE 2ND |
|
San Jose Volcanoes batting - Pitching for Nassau Black Sails : RHP Tony Morales
|
|
Batting: RHB Brian David
|
0-0: Ball 1-0: Ball 2-0: Foul Ball, location: 2F 2-1: Ball 3-1: Base on Balls
|
|
Batting: RHB Tony Evans
|
0-0: Foul Ball, location: 2F 0-1: Foul Ball, location: 2F 0-2: Ball 1-2: Foul Ball, location: 2F 1-2: SINGLE (Flyball, 4D, EV 81.3 MPH) Brian David to second
|
|
Batting: RHB David Hoyt
|
0-0: Ball 1-0: Ball 2-0: Ball 3-0: Called Strike 3-1: Base on Balls Brian David to third Tony Evans to second
|
|
Batting: RHB Henry Powell
|
0-0: Called Strike 0-1: Grounds into double play, 6-4-3 (Groundball, 6, EV 83.8 MPH) Brian David scores Tony Evans to third
|
|
Batting: RHB Jay Schellin
|
0-0: Ball 1-0: Swinging Strike 1-1: Called Strike 1-2: Strikes out looking
|
| Bottom of the 2nd over - 1 run, 1 hit, 0 errors, 1 left on base; Nassau 0 - San Jose 2 |
| TOP OF THE 3RD |
|
Nassau Black Sails batting - Pitching for San Jose Volcanoes : LHP Brad Havens
|
|
Batting: LHB Jay Erdahl
|
0-0: Swinging Strike 0-1: Called Strike 0-2: Strikes out swinging
|
|
Batting: RHB Dave White
|
0-0: Called Strike 0-1: Ball 1-1: Swinging Strike 1-2: Strikes out swinging, 2-3 out at first.
|
|
Batting: RHB Heri Ramirez
|
0-0: Called Strike 0-1: Foul Ball, location: 2F 0-2: SINGLE (Flyball, 8RS, EV 83.8 MPH)
|
|
Batting: RHB Craig Adams
|
0-0: Ball 1-0: Ground out 5-3 (Groundball, 56, EV 80.6 MPH)
|
| Top of the 3rd over - 0 runs, 1 hit, 0 errors, 1 left on base; Nassau 0 - San Jose 2 |
| BOTTOM OF THE 3RD |
|
San Jose Volcanoes batting - Pitching for Nassau Black Sails : RHP Tony Morales
|
|
Batting: RHB Anthony Laurenzi
|
0-0: Called Strike 0-1: Swinging Strike 0-2: Ball 1-2: Ball 2-2: Strikes out looking
|
|
Batting: LHB Mike LaValliere
|
0-0: Foul Ball, location: 2F 0-1: SINGLE (Line Drive, 4D, EV 102.5 MPH)
|
|
Batting: LHB Pete M O'Brien
|
0-0: Ball 1-0: Fly out, F9 (Flyball, 8RM, EV 85.0 MPH)
|
|
Batting: RHB Jeff Spisok
|
0-0: Called Strike 0-1: Foul Ball, location: 2F 0-2: Ball 1-2: Ball 2-2: Ball 3-2: SINGLE (Groundball, P, EV 85.6 MPH) (infield hit) Mike LaValliere to second
|
|
Batting: RHB Brian David
|
0-0: Fielders Choice at 2nd, 6-4 (Groundball, 6, EV 80.6 MPH)
|
| Bottom of the 3rd over - 0 runs, 2 hits, 0 errors, 2 left on base; Nassau 0 - San Jose 2 |
| TOP OF THE 4TH |
|
Nassau Black Sails batting - Pitching for San Jose Volcanoes : LHP Brad Havens
|
|
Batting: RHB Danny Sheaffer
|
0-0: Ground out 6-3 (Groundball, 6, EV 104.4 MPH)
|
|
Batting: LHB Sam Horn
|
0-0: Called Strike 0-1: Swinging Strike 0-2: SINGLE (Groundball, 4D, EV 103.8 MPH)
|
|
Batting: RHB Steve Springer
|
0-0: Called Strike 0-1: Ball 1-1: Swinging Strike 1-2: Ball 2-2: Foul Ball, location: 2F 2-2: Foul Ball, location: 2F 2-2: Fielders Choice at 2nd, 5-4 (Groundball, 56, EV 85.0 MPH)
|
|
Batting: LHB John Weller
|
0-0: Fly out, F1 (Line Drive, P, EV 71.9 MPH)
|
| Top of the 4th over - 0 runs, 1 hit, 0 errors, 1 left on base; Nassau 0 - San Jose 2 |
| BOTTOM OF THE 4TH |
|
San Jose Volcanoes batting - Pitching for Nassau Black Sails : RHP Tony Morales
|
|
Batting: RHB Tony Evans
|
0-0: Foul Ball, location: 2F 0-1: Called Strike 0-2: Foul Ball, location: 2F 0-2: Ball 1-2: Foul Ball, location: 2F 1-2: Fly out, F9 (Line Drive, 9, EV 91.3 MPH)
|
|
Batting: RHB David Hoyt
|
0-0: Swinging Strike 0-1: Ground out 5-3 (Groundball, 5, EV 103.1 MPH)
|
|
Batting: RHB Henry Powell
|
0-0: Ball 1-0: Called Strike 1-1: Foul Ball, location: 2F 1-2: Strikes out looking
|
| Bottom of the 4th over - 0 runs, 0 hits, 0 errors, 0 left on base; Nassau 0 - San Jose 2 |
| TOP OF THE 5TH |
|
Nassau Black Sails batting - Pitching for San Jose Volcanoes : LHP Brad Havens
|
|
Batting: RHB Joe Redfield
|
0-0: Foul Ball, location: 2F 0-1: Foul Ball, location: 2F 0-2: DOUBLE (Flyball, 89D, EV 93.8 MPH)
|
|
Batting: LHB Jay Erdahl
|
0-0: Ball 1-0: Ball 2-0: Called Strike 2-1: Swinging Strike 2-2: Ball 3-2: Strikes out looking
|
|
Batting: RHB Dave White
|
0-0: Ball 1-0: Called Strike 1-1: Swinging Strike 1-2: Ball 2-2: Ball 3-2: Strikes out looking
|
|
Batting: RHB Heri Ramirez
|
0-0: Called Strike 0-1: Called Strike 0-2: Ball 1-2: Strikes out swinging
|
| Top of the 5th over - 0 runs, 1 hit, 0 errors, 1 left on base; Nassau 0 - San Jose 2 |
| BOTTOM OF THE 5TH |
|
San Jose Volcanoes batting - Pitching for Nassau Black Sails : RHP Tony Morales
|
|
Batting: RHB Jay Schellin
|
0-0: Ball 1-0: Foul Ball, location: 2F 1-1: Foul Ball, location: 2F 1-2: TRIPLE (Line Drive, 89XD, EV 104.4 MPH)
|
|
Batting: RHB Anthony Laurenzi
|
0-0: Foul Ball, location: 2F 0-1: Ball 1-1: Swinging Strike 1-2: Ground out 6-3 (Groundball, 6MS, EV 85.0 MPH) Jay Schellin scores
|
|
Batting: LHB Mike LaValliere
|
0-0: Ball 1-0: Called Strike 1-1: Ground out 6-3 (Groundball, 6, EV 94.4 MPH)
|
|
Batting: LHB Pete M O'Brien
|
0-0: Called Strike 0-1: Ball 1-1: Ball 2-1: Fly out, F9 (Flyball, 89M, EV 91.3 MPH)
|
| Bottom of the 5th over - 1 run, 1 hit, 0 errors, 0 left on base; Nassau 0 - San Jose 3 |
| TOP OF THE 6TH |
|
Nassau Black Sails batting - Pitching for San Jose Volcanoes : LHP Brad Havens
|
|
Batting: RHB Craig Adams
|
0-0: Called Strike 0-1: Ball 1-1: Foul Ball, location: 2F 1-2: Foul Ball, location: 2F 1-2: Strikes out looking
|
|
Batting: RHB Danny Sheaffer
|
0-0: Ball 1-0: Ball 2-0: Ball 3-0: Base on Balls
|
|
Batting: LHB Sam Horn
|
0-0: Ball 1-0: Swinging Strike 1-1: Foul Ball, location: 2F 1-2: Ball 2-2: Grounds into double play, 1-6-3 (Groundball, P, EV 63.8 MPH)
|
| Top of the 6th over - 0 runs, 0 hits, 0 errors, 0 left on base; Nassau 0 - San Jose 3 |
| BOTTOM OF THE 6TH |
|
San Jose Volcanoes batting - Pitching for Nassau Black Sails : RHP Tony Morales
|
|
Batting: RHB Jeff Spisok
|
0-0: Ball 1-0: Foul Ball, location: 2F 1-1: Ball 2-1: Ball 3-1: Fly out, F6 (Flyball, 56D, EV 83.8 MPH)
|
|
Batting: RHB Brian David
|
0-0: Called Strike 0-1: Ball 1-1: Foul Ball, location: 2F 1-2: Ball 2-2: Ball 3-2: Foul Ball, location: 2F 3-2: SINGLE (Groundball, 56D, EV 97.5 MPH)
|
|
Batting: RHB Tony Evans
|
0-0: Ball Brian David steals 2nd base 1-0: SINGLE (Groundball, 34S, EV 95.6 MPH) Brian David to third Runner from 3rd tries for Home, SAFE, throw by RF to home
|
|
Batting: RHB David Hoyt
|
0-0: Ball 1-0: Ball 2-0: Ball 3-0: Called Strike 3-1: Base on Balls Tony Evans to second
|
|
Batting: RHB Henry Powell
|
0-0: Ball 1-0: Fielders Choice at 2nd, 5-4 (Groundball, 56, EV 87.5 MPH) Tony Evans to third
|
|
Batting: RHB Jay Schellin
|
0-0: Called Strike 0-1: Ball 1-1: Ball 2-1: Foul Ball, location: 2F 2-2: Strikes out swinging
|
| Bottom of the 6th over - 1 run, 2 hits, 0 errors, 2 left on base; Nassau 0 - San Jose 4 |
| TOP OF THE 7TH |
|
Nassau Black Sails batting - Pitching for San Jose Volcanoes : LHP Brad Havens
|
|
Batting: RHB Steve Springer
|
0-0: Called Strike 0-1: Fly out, F8 (Flyball, 8RM, EV 82.5 MPH)
|
|
Batting: LHB John Weller
|
0-0: Foul Ball, location: 2F 0-1: Foul Ball, location: 2F 0-2: Ball 1-2: Foul Ball, location: 2F 1-2: Ball 2-2: Ball 3-2: Foul Ball, location: 2F 3-2: Strikes out looking
|
|
Batting: RHB Joe Redfield
|
0-0: Called Strike 0-1: SINGLE (Groundball, 56, EV 103.8 MPH)
|
|
Batting: LHB Jay Erdahl
|
0-0: Foul Ball, location: 2F 0-1: SINGLE (Groundball, 56S, EV 82.5 MPH) (infield hit) Joe Redfield to second
|
|
Batting: RHB Dave White
|
0-0: Ball 1-0: Ball 2-0: Called Strike 2-1: Foul Ball, location: 2F 2-2: Fly out, F8 (Line Drive, 8RD, EV 93.1 MPH)
|
| Top of the 7th over - 0 runs, 2 hits, 0 errors, 2 left on base; Nassau 0 - San Jose 4 |
| BOTTOM OF THE 7TH |
|
San Jose Volcanoes batting - Pitching for Nassau Black Sails : RHP Tony Morales
|
|
Pitching: RHP Roberto Cerrud
|
|
|
Batting: RHB Anthony Laurenzi
|
0-0: Ball 1-0: Ball 2-0: Called Strike 2-1: Ball 3-1: Swinging Strike 3-2: Foul Ball, location: 2F 3-2: Base on Balls
|
|
Batting: LHB Mike LaValliere
|
0-0: Ball 1-0: Swinging Strike 1-1: SINGLE (Line Drive, 9LS, EV 91.9 MPH) Anthony Laurenzi to second Runner from 2nd tries for 3rd, SAFE, throw by RF made to third
|
|
Batting: LHB Pete M O'Brien
|
0-0: Ball 1-0: Ball 2-0: Called Strike 2-1: Foul Ball, location: 2F 2-2: Foul Ball, location: 2F 2-2: Ball 3-2: Base on Balls Mike LaValliere to second
|
|
Batting: RHB Jeff Spisok
|
0-0: Ball 1-0: Ball 2-0: Foul Ball, location: 2F 2-1: Foul Ball, location: 2F 2-2: Foul Ball, location: 2F 2-2: Ball 3-2: Foul Ball, location: 2F 3-2: Base on Balls Anthony Laurenzi scores Mike LaValliere to third Pete M O'Brien to second
|
|
Batting: RHB Brian David
|
0-0: Ball 1-0: Called Strike 1-1: Ball 2-1: Ball 3-1: Base on Balls Mike LaValliere scores Pete M O'Brien to third Jeff Spisok to second
|
|
Batting: RHB Tony Evans
|
0-0: Foul Ball, location: 2F 0-1: Hit by Pitch Pete M O'Brien scores Jeff Spisok to third Brian David to second
|
|
Pinch Hitting: LHB Donald Seeker
|
0-0: SINGLE (Line Drive, 78S, EV 103.8 MPH) Jeff Spisok scores Brian David to third Tony Evans to second
|
|
Pitching: RHP Luis Jimenez
|
|
|
Batting: RHB David Cusack
|
0-0: Fly out, F7 (Flyball, 7S, EV 88.8 MPH)
|
|
Batting: RHB Jay Schellin
|
0-0: Called Strike 0-1: Swinging Strike 0-2: Foul Ball, location: 2F 0-2: Ball 1-2: Strikes out looking
|
|
Batting: RHB Anthony Laurenzi
|
0-0: Called Strike 0-1: Foul Ball, location: 2F 0-2: Ball 1-2: Ball 2-2: Strikes out swinging
|
| Bottom of the 7th over - 4 runs, 2 hits, 0 errors, 3 left on base; Nassau 0 - San Jose 8 |
| TOP OF THE 8TH |
|
Nassau Black Sails batting - Pitching for San Jose Volcanoes : LHP Brad Havens
|
|
Now in RF: Donald Seeker
|
|
|
Batting: RHB Heri Ramirez
|
0-0: Swinging Strike 0-1: Ball 1-1: Ball 2-1: Fly out, F9 (Flyball, 89S, EV 90.6 MPH)
|
|
Batting: RHB Craig Adams
|
0-0: Called Strike 0-1: Ball 1-1: Ball 2-1: Ground out 5-3 (Groundball, 56, EV 102.5 MPH)
|
|
Batting: RHB Danny Sheaffer
|
0-0: Called Strike 0-1: Foul Ball, location: 2F 0-2: Ball 1-2: Strikes out swinging
|
| Top of the 8th over - 0 runs, 0 hits, 0 errors, 0 left on base; Nassau 0 - San Jose 8 |
| BOTTOM OF THE 8TH |
|
San Jose Volcanoes batting - Pitching for Nassau Black Sails : RHP Luis Jimenez
|
|
Batting: LHB Mike LaValliere
|
0-0: Swinging Strike 0-1: Foul Ball, location: 2F 0-2: Strikes out looking
|
|
Batting: LHB Pete M O'Brien
|
0-0: Swinging Strike 0-1: Ball 1-1: Ball 2-1: Fly out, F7 (Line Drive, 7, EV 94.4 MPH)
|
|
Batting: RHB Jeff Spisok
|
0-0: Called Strike 0-1: Ball 1-1: Called Strike 1-2: Foul Ball, location: 2F 1-2: Foul Ball, location: 2F 1-2: Fly out, F8 (Line Drive, 8RD, EV 98.1 MPH)
|
| Bottom of the 8th over - 0 runs, 0 hits, 0 errors, 0 left on base; Nassau 0 - San Jose 8 |
| TOP OF THE 9TH |
|
Nassau Black Sails batting - Pitching for San Jose Volcanoes : LHP Brad Havens
|
|
Batting: LHB Sam Horn
|
0-0: Foul Ball, location: 2F 0-1: SINGLE (Line Drive, 4D, EV 103.1 MPH)
|
|
Batting: RHB Steve Springer
|
0-0: Ball 1-0: Called Strike 1-1: Ground out 3-1 (Groundball, 34S, EV 85.6 MPH) Sam Horn to second
|
|
Batting: LHB John Weller
|
0-0: Ball 1-0: Foul Ball, location: 2F 1-1: Foul Ball, location: 2F 1-2: Foul Ball, location: 2F 1-2: Fly out, F7 (Flyball, 78D, EV 108.8 MPH)
|
|
Batting: RHB Joe Redfield
|
0-0: 2-RUN HOME RUN (Flyball, 78XD, EV 109.4 MPH), Distance : 420 ft
|
|
Batting: LHB Jay Erdahl
|
0-0: Called Strike 0-1: Ball 1-1: Fly out, F8 (Flyball, 89XD, EV 97.5 MPH)
|
| Top of the 9th over - 2 runs, 2 hits, 0 errors, 0 left on base; Nassau 2 - San Jose 8 |
|